 Dungeon Crawl Stone Soup version 0.25.1-2-g60ff931df9 (webtiles) character file.

Game seed: 8758258541790653891

3158 DearestLeader the Protected (level 9, -9/72 HPs)
             Began as a Demonspawn Gladiator on Oct 18, 2020.
             Was a Follower of Qazlal.
             Mangled by an orc warrior
             ... wielding a +0 flail
              (14 damage)
             ... on level 7 of the Dungeon.
             The game lasted 00:10:50 (6401 turns).

DearestLeader the Protected (Demonspawn Gladiator)  Turns: 6401, Time: 00:10:51

Health: -9/72      AC: 17    Str: 17    XL:     9   Next: 62%
Magic:  9/9        EV: 11    Int:  9    God:    Qazlal [*.....]
Gold:   460        SH:  1    Dex: 16    Spells: 8/8 levels left

rFire    . . .     SeeInvis .   a - +0 war axe
rCold    . . .     Gourm    .   (no shield)
rNeg     . . .     Faith    .   t - +0 chain mail
rPois    .         Spirit   .   c - +1 helmet
rElec    .         Reflect  .   r - +0 cloak
rCorr    .         Harm     .   (no gloves)
MR       .....                  (no boots)
Stlth    ..........             (no amulet)
HPRegen  0.22/turn              (no ring)
MPRegen  0.11/turn              (no ring)

@: marked
A: thin metallic scales 2, powered by pain 2, spiny 2
a: Renounce Religion


You were on level 7 of the Dungeon.
You worshipped Qazlal.
Qazlal was aware of your devotion.
You were very hungry.

You visited 2 branches of the dungeon, and saw 8 of its levels.

You collected 460 gold pieces.

Inventory:

Hand Weapons
 a - a +0 war axe (weapon)
Missiles
 d - 3 throwing nets
 i - 15 poisoned darts (quivered)
Armour
 c - a +1 helmet (worn)
 n - a +0 scale mail
 r - a +0 cloak (worn)
 t - a +0 chain mail (worn)
Jewellery
 w - an uncursed amulet of guardian spirit {unknown}
Wands
 b - a wand of polymorph (2)
 e - a wand of random effects (22)
 k - a wand of acid (3)
Scrolls
 j - a scroll of immolation {unknown}
 l - 4 scrolls of remove curse
 m - a scroll of noise {unknown}
 q - 2 scrolls of enchant armour
 u - a scroll of enchant weapon {unknown}
 x - a scroll of magic mapping {unknown}
 y - 3 scrolls of identify
Potions
 h - a potion of brilliance
 o - 2 potions of flight
 p - 6 potions of curing
 s - a potion of lignification {unknown}
Comestibles
 f - 14 rations


   Skills:
 + Level 7.4 Fighting
 - Level 2.6 Axes
 - Level 1.7 Throwing
 * Level 8.3 Armour
 + Level 7.1 Dodging


You had 8 spell levels left.
You didn't know any spells.
Your spell library contained the following spells:

 Spells                   Type           Power        Failure   Level  Hunger
 Animate Skeleton         Necr           N/A          99%         1    ##.....
 Apportation              Tloc           #.....       99%         1    ##.....
 Beastly Appendage        Tmut           #.....       99%         1    ##.....
 Corona                   Hex            #......      99%         1    ##.....
 Summon Small Mammal      Summ           #...         99%         1    ##.....
 Call Imp                 Summ           #.......     100%        2    ###....
 Sticks to Snakes         Tmut           #.......     100%        2    ###....
 Call Canine Familiar     Summ           #.......     100%        3    ####...
 Spider Form              Tmut/Pois      #.........   100%        3    ####...
 Summon Guardian Golem    Hex/Summ       #.......     100%        3    ####...
 Ice Form                 Ice/Tmut       #.......     100%        4    #####..
 Summon Ice Beast         Ice/Summ       #.......     100%        4    #####..
 Summon Lightning Spire   Summ/Air       #.......     100%        4    #####..
 Blade Hands              Tmut           #.........   100%        5    ######.


Dungeon Overview and Level Annotations

Branches:
Dungeon (7/15)             Temple (1/1) D:5

Altars:
Ashenzari
Cheibriados
Dithmenos
Elyvilon
Hepliaklqana
Kikubaaqudgha
Makhleb
Nemelex Xobeh
Okawaru
Qazlal
Ru
Sif Muna
Trog
Uskayaw
Vehumet
Wu Jian
Xom
Yredelemnul
The Shining One

Shops:
D:6 (

Annotations:
D:7 Prince Ribbit


Innate Abilities, Weirdness & Mutations

You are mostly covered in thin metallic scales. (AC +3)
You sometimes gain power by taking damage.
You are mostly covered in sharp spines.


Message History

The orc priest mumbles some strange prayers to Beogh against you.
Beogh smites you!
* * * LOW HITPOINT WARNING * * *
The orc closely misses you.
You hit the worker ant but do no damage.
The worker ant is almost dead.
Your chain mail prevents you from hitting the orc warrior.
You hit the orc.
The worker ant is struck by your spines.
You kill the worker ant!
Qazlal accepts your kill.
The orc warrior hits you with a +0 flail.
* * * LOW HITPOINT WARNING * * *
The orc priest mumbles some strange prayers to Beogh against you.
You struggle to resist.
The orc is struck by your spines.
You kill the orc!
Qazlal accepts your kill.
The orc warrior is struck by your spines.
The orc warrior hits you with a +0 flail!
You die...

#(..........)....#
#................#
#................#
...#...........#
###[.......##
.......o..##
...........#
##.#######†)#
#.#.†.h.#@o#
#.#.hp..#..#
..###'###..#
#....%#.##
+...%%### #######


You could see an orc warrior and an orc priest.

Vanquished Creatures
  Harold (D:7)
  Joseph (D:7)
  A troll (D:7)
  Sigmund (D:2)
  2 hogs (D:7)
  An ogre (D:6)
  A phantom (D:6)
  A sky beast (D:6)
  A centaur (D:5)
  A scorpion (D:5)
  4 wights (D:5)
  2 bullfrog zombies (D:6)
  A crimson imp (D:6)
  2 orc priests (D:5)
  A centaur skeleton (D:4)
  6 hounds
  2 jellies
  Ijyb (D:3)
  An iguana (D:4)
  Natasha (thrice) (D:4)
  5 worker ants
  8 gnolls
  11 adders
  2 oozes
  An adder skeleton (D:4)
  3 worms
  2 dart slugs
  7 leopard geckos
  9 orcs
  11 bats
  5 giant cockroaches
  5 hobgoblins
  12 jackals
  7 kobolds
  6 quokkas
  2 ball pythons
  4 frilled lizards
  7 goblins
  8 rats
149 creatures vanquished.

Notes
Turn   | Place    | Note
-------+----------+-------------------------------------------
     0 | D:1      | DearestLeader the Demonspawn Gladiator began the quest for
                  | the Orb.
     0 | D:1      | Reached XP level 1. HP: 16/16 MP: 1/1
   198 | D:1      | Gained mutation: You are partially covered in sharp spines.
                  | [demonic ancestry]
   198 | D:1      | Reached XP level 2. HP: 23/23 MP: 2/2
   466 | D:1      | Gained mutation: You sometimes gain a little power by
                  | taking damage. [demonic ancestry]
   466 | D:1      | Reached XP level 3. HP: 27/28 MP: 3/3
  1088 | D:2      | Found a sacrificial altar of Ru.
  1320 | D:2      | Noticed Sigmund
  1420 | D:3      | Gained mutation: You sometimes gain power by taking damage.
                  | [demonic ancestry]
  1420 | D:3      | Reached XP level 4. HP: 21/35 MP: 4/4
  1614 | D:3      | Found a radiant altar of Vehumet.
  1989 | D:3      | Found a white marble altar of Elyvilon.
  2229 | D:3      | Noticed Ijyb
  2246 | D:3      | Killed Ijyb
  2246 | D:3      | Reached skill level 1 in Armour
  2246 | D:3      | Reached XP level 5. HP: 38/42 MP: 5/5
  2681 | D:4      | Found a hide-covered altar of Uskayaw.
  2713 | D:4      | Noticed Natasha
  2724 | D:4      | Reached skill level 2 in Armour
  2728 | D:4      | Killed Natasha
  2744 | D:4      | Noticed Natasha
  2750 | D:4      | Gained mutation: You are mostly covered in sharp spines.
                  | [demonic ancestry]
  2750 | D:4      | Reached XP level 6. HP: 27/48 MP: 6/6
  2752 | D:4      | Killed Natasha
  2791 | D:4      | Noticed Natasha
  2796 | D:4      | Killed Natasha
  3160 | D:4      | Reached skill level 3 in Armour
  3531 | D:2      | Killed Sigmund
  3531 | D:2      | Gained mutation: You are partially covered in thin metallic
                  | scales. (AC +2) [demonic ancestry]
  3531 | D:2      | Reached XP level 7. HP: 45/55 MP: 7/7
  4076 | D:4      | Found a shadowy altar of Dithmenos.
  4389 | D:5      | Entered Level 5 of the Dungeon
  4415 | D:5      | Reached skill level 4 in Armour
  4424 | D:5      | Reached skill level 5 in Dodging
  4428 | D:5      | Reached skill level 5 in Fighting
  4920 | D:5      | Reached skill level 5 in Armour
  4921 | D:5      | Reached XP level 8. HP: 60/63 MP: 8/8
  5131 | D:5      | Found a staircase to the Ecumenical Temple.
  5139 | Temple   | Entered the Ecumenical Temple
  5171 | Temple   | Became a worshipper of Qazlal Stormbringer
  5617 | D:6      | Found Debosuoq's Antique Weapon Shop.
  5870 | D:6      | Reached skill level 6 in Armour
  6079 | D:6      | Reached * piety under Qazlal
  6207 | D:7      | Found an ancient bone altar of Kikubaaqudgha.
  6339 | D:7      | Noticed a troll
  6346 | D:7      | Killed a troll
  6346 | D:7      | Reached skill level 7 in Armour
  6346 | D:7      | Gained mutation: You are mostly covered in thin metallic
                  | scales. (AC +3) [demonic ancestry]
  6346 | D:7      | Reached XP level 9. HP: 44/71 MP: 9/9
  6347 | D:7      | Noticed Harold
  6369 | D:7      | Noticed Prince Ribbit
  6371 | D:7      | Noticed Joseph
  6385 | D:7      | Killed Harold
  6386 | D:7      | Killed Joseph
  6386 | D:7      | Reached skill level 8 in Armour
  6401 | D:7      | Mangled by an orc warrior

Illustrated notes

Levels and vault maps discovered:
D:1:      dpeg_arrival_chambers_temple_mockup, layout_basic
D:2:      layout_basic, lemuel_crystal_altar, first_ration, uniq_sigmund
D:3:      kennysheep_big_flooded_room, layout_rooms, elyvilon_altar_5,
          vehumet_crystals, uniq_ijyb
D:4:      layout_basic, kennysheep_little_box, roderic_lattice_a,
          grunt_dithmenos_smoke_and_mirrors, uniq_natasha
D:5:      layout_loops_cross, minmay_temple_entry_offerings
D:6:      layout_rooms, serial_shops, shop
D:7:      layout_rooms, nicolae_overflow_crystal_walls,
          minmay_overflow_temple_star_quad, grunt_livestock, uniq_harold,
          uniq_prince_ribbit1, uniq_joseph
Temple:   cyrus_circular_temple

Skill      XL: |  1  2  3  4  5  6  7  8  9 |
---------------+----------------------------+-----
Dodging        | 3 4 5 6 7 |  7.1
Fighting       | 3 4 5 6 7 |  7.4
Armour         | 1 2 3 5 7 8 |  8.3
Axes           | |  2.6
Throwing       | |  1.7

Action                   |  1- 3 |  4- 6 |  7- 9 || total
-------------------------+-------+-------+-------++-------
Melee: War axe           |    75 |   118 |   159 ||   352
Throw: Dart              |    10 |       |       ||    10
  Use: Scroll            |       |     2 |     4 ||     6
       Potion            |       |       |     5 ||     5
  Eat: Chunk             |     2 |     5 |     6 ||    13
       Ration            |       |     1 |       ||     1
Armor: Leather armour    |    25 |     2 |       ||    27
       Scale mail        |       |    40 |       ||    40
       Chain mail        |       |     9 |   122 ||   131
Dodge: Dodged            |    56 |    65 |   101 ||   222
Block: Other             |       |       |     2 ||     2
